 Dungeon Crawl Stone Soup version 0.27.1-1-g398f81649c (webtiles) character file.

Game seed: 15952406539996861947

973 chaosape the Fighter (level 8, -3/74 HPs)
             Began as a Gnoll Wanderer on Sept 7, 2021.
             Killed from afar by Maggie (16 damage)
             ... with a bolt of fire
             ... on level 6 of the Dungeon.
             The game lasted 00:18:57 (4982 turns).

chaosape the Fighter (Gnoll Wanderer)               Turns: 4982, Time: 00:18:57

Health: -3/74      AC:  9    Str: 13    XL:     8   Next: 16%
Magic:  21/21      EV:  7    Int: 11    God:
Gold:   47         SH:  0    Dex: 13    Spells: 13/13 levels left

rFire    . . .     SeeInvis .   k - +5 dagger (elec)
rCold    . . .     Faith    .   (no shield)
rNeg     . . .     Spirit   .   E - +0 chain mail
rPois    .         Reflect  .   (no helmet)
rElec    .         Harm     .   (no cloak)
rCorr    .         Rampage  .   (no gloves)
Will     .....                  (no boots)
Stlth    ..........             (no amulet)
HPRegen  0.22/turn              n - ring of magical power
MPRegen  0.17/turn              (no ring)

@: about to teleport, mesmerised
A: fangs 1, strong nose, distributed training
a: no special abilities


You were on level 6 of the Dungeon.
You visited 1 branch of the dungeon, and saw 5 of its levels.

You collected 236 gold pieces.
You spent 189 gold pieces at shops.

Inventory:

Hand Weapons
 a - a +3 dagger
 c - a +0 hand crossbow
 e - a +0 spear
 k - a +5 dagger of electrocution (weapon)
 o - a +0 hunting sling
 r - a +0 hunting sling
 x - the +11 dagger "Vem Mih" {vorpal, rElec rC+ Str-5 SInv}
   (You bought it in a shop on level 5 of the Dungeon)

   It inflicts extra damage upon your enemies.
   Str:       It affects your strength (-5).
   rC:        It protects you from cold.
   rElec:     It insulates you from electricity.
   SInv:      It lets you see invisible.
Missiles
 b - 2 curare-tipped darts
 d - 51 bolts
 h - 80 arrows
 l - 20 sling bullets
 v - 19 poisoned darts (quivered)
Armour
 f - a +1 robe
 z - a +0 ring mail
 D - a +2 robe of fire resistance
 E - a +0 chain mail (worn)
 F - a +0 scale mail
 G - a +0 pair of boots
Magical Staves
 i - a staff of poison
Jewellery
 n - a ring of magical power (left hand)
 t - a ring of fire
Scrolls
 p - a scroll of enchant armour
 s - a scroll of vulnerability
 u - a scroll of brand weapon
 w - 3 scrolls of blinking
 y - 2 scrolls of teleportation
 A - 3 scrolls of amnesia
 C - a scroll of immolation {unknown}
Potions
 g - a potion of lignification {unknown}
 j - a potion of heal wounds {unknown}
 m - 2 potions of attraction
 q - a potion of haste {unknown}
 B - a potion of berserk rage {unknown}


   Skills:
 + Level 10.7 Fighting
 + Level 3.0 Short Blades
 + Level 3.0 Long Blades
 + Level 3.0 Axes
 + Level 3.0 Maces & Flails
 + Level 4.0 Polearms
 + Level 3.0 Staves
 + Level 3.0 Slings
 + Level 3.0 Bows
 + Level 4.0 Crossbows
 + Level 5.5 Throwing
 + Level 3.0 Armour
 + Level 4.0 Dodging
 + Level 3.0 Stealth
 + Level 3.0 Shields
 + Level 3.0 Unarmed Combat
 + Level 3.0 Spellcasting
 + Level 2.4 Conjurations
 + Level 2.4 Hexes
 + Level 2.4 Summonings
 + Level 2.4 Necromancy
 + Level 2.4 Translocations
 + Level 2.4 Transmutations
 + Level 2.4 Fire Magic
 + Level 2.4 Ice Magic
 + Level 2.4 Air Magic
 + Level 2.4 Earth Magic
 + Level 2.4 Poison Magic
 + Level 3.3 Invocations
 + Level 3.0 Evocations


You had 13 spell levels left.
You didn't know any spells.
Your spell library contained the following spells:

 Spells                   Type           Power      Damage    Failure   Level
 Animate Skeleton         Necr           14%        N/A       96%         1
 Apportation              Tloc           14%        N/A       96%         1
 Corona                   Hex            7%         N/A       96%         1
 Pain                     Necr           28%        1d5       96%         1
 Summon Small Mammal      Summ           28%        N/A       96%         1
 Corpse Rot               Necr/Air       N/A        N/A       99%         2
 Poisonous Vapours        Pois/Air       14%        N/A       99%         2
 Ignite Poison            Fire/Tmut/Pois 7%         N/A       100%        3
 Mephitic Cloud           Conj/Pois/Air  7%         N/A       100%        3
 Agony                    Necr           7%         N/A       100%        5
 Bolt of Magma            Conj/Fire/Erth 3%         4d5       100%        5
 Excruciating Wounds      Necr           3%         N/A       100%        5
 Freezing Cloud           Conj/Ice/Air   3%         6-21      100%        5
 Borgnjor's Revivificati  Necr           3%         N/A       100%        8
 Necromutation            Tmut/Necr      3%         N/A       100%        8
 Death's Door             Necr           3%         N/A       100%        9


Dungeon Overview and Level Annotations

Branches:
Dungeon (6/15)
 Temple: D:4-7

Altars:

Shops:
D:5 (

Annotations:
D:6 Maggie


Innate Abilities, Weirdness & Mutations

You have very sharp teeth.
Your uncanny sense of smell can sniff out nearby items.
Your experience applies equally to all skills.


Message History

The water moccasin skeleton bites you but does no damage.
You hit the water moccasin skeleton.
Lightning courses through the water moccasin skeleton!
Your punch misses the water moccasin skeleton.
The water moccasin skeleton is severely damaged.
Maggie mumbles some strange words.
Maggie draws you further into her thrall.
The water moccasin skeleton bites you but does no damage.
You hit the water moccasin skeleton.
The water moccasin skeleton is almost destroyed.
The water moccasin skeleton bites you but does no damage.
You hit the water moccasin skeleton.
You destroy the water moccasin skeleton!
Maggie hits you from afar with a +0 halberd!
Maggie points at you and mumbles some strange words.
The bolt of fire hits you!
You barely miss Maggie.
Maggie is heavily wounded.
You hit Maggie but do no damage.
Maggie is heavily wounded.
Maggie is no longer moving slowly.
Maggie hits you with a +0 halberd!
* * * LOW HITPOINT WARNING * * *
Okay, then.
As you read the scroll of teleportation, it crumbles to dust.
You feel strangely unstable. Maggie closely misses you.
You barely miss Maggie.
Maggie is heavily wounded.
Maggie hits you with a +0 halberd.
* * * LOW HITPOINT WARNING * * *
You hit Maggie but do no damage.
Maggie is heavily wounded.
Maggie hits you with a +0 halberd!
* * * LOW HITPOINT WARNING * * *
You barely miss Maggie.
Maggie is heavily wounded.
You hit Maggie.
Maggie is severely wounded.
Maggie casts a spell at you. The bolt of fire hits you!
You die...

##..... .((.. ..(..
(.. (.. #.# #@# #@#
##'## ##...## ..
...##...).## ...
#..#.......##
...##...........#
..................+
..................#
#.88888888......##


You could see Maggie (mesmerising, very poisoned).

Vanquished Creatures
  A black bear (D:4)
  An ice beast (D:6)
  An ogre (D:6)
  2 phantoms
  A bullfrog (D:6)
  3 scorpions
  A water moccasin skeleton (D:6)
  A bullfrog skeleton (D:5)
  A hound (D:5)
  3 iguanas (D:5)
  An orc wizard (D:5)
  A howler monkey skeleton (D:5)
  4 adders
  2 shadow imps
  An ufetubus (D:4)
  An adder skeleton (D:4)
  3 worms
  2 dart slugs
  4 orcs
  3 ball pythons
  2 bats
  4 endoplasms
  4 giant cockroaches
  4 goblins
  5 hobgoblins
  2 quokkas
  6 kobolds
  3 rats (D:1)
67 creatures vanquished.

Vanquished Creatures (others)
  5 plants (D:1)
5 creatures vanquished.

Grand Total: 72 creatures vanquished

Notes
Turn   | Place    | Note
-------+----------+-------------------------------------------
     0 | D:1      | Reached skill level 10 in Fighting
     0 | D:1      | chaosape the Gnoll Wanderer began the quest for the Orb.
     0 | D:1      | chaosape set off with the following items: a +2 dagger, 3
                  | curare-tipped darts, a +0 hand crossbow, 21 bolts, a +0
                  | spear, a +0 robe
     0 | D:1      | Reached XP level 1. HP: 28/28 MP: 1/1
   280 | D:1      | Reached XP level 2. HP: 36/36 MP: 2/2
   739 | D:2      | Reached XP level 3. HP: 30/42 MP: 3/3
  1052 | D:2      | Reached skill level 1 in Invocations
  1623 | D:2      | Reached skill level 1 in Short Blades
  1623 | D:2      | Reached skill level 1 in Long Blades
  1623 | D:2      | Reached skill level 1 in Axes
  1623 | D:2      | Reached skill level 1 in Maces & Flails
  1623 | D:2      | Reached skill level 1 in Staves
  1623 | D:2      | Reached skill level 1 in Slings
  1623 | D:2      | Reached skill level 1 in Bows
  1623 | D:2      | Reached skill level 1 in Armour
  1623 | D:2      | Reached skill level 1 in Stealth
  1623 | D:2      | Reached skill level 1 in Shields
  1623 | D:2      | Reached skill level 1 in Unarmed Combat
  1623 | D:2      | Reached skill level 1 in Spellcasting
  1623 | D:2      | Reached skill level 1 in Evocations
  1655 | D:2      | You fall into a shaft and drop 2 floors!
  1676 | D:4      | Reached XP level 4. HP: 29/48 MP: 5/5
  2149 | D:4      | Reached skill level 1 in Conjurations
  2149 | D:4      | Reached skill level 1 in Hexes
  2149 | D:4      | Reached skill level 1 in Summonings
  2149 | D:4      | Reached skill level 1 in Necromancy
  2149 | D:4      | Reached skill level 1 in Translocations
  2149 | D:4      | Reached skill level 1 in Transmutations
  2149 | D:4      | Reached skill level 1 in Fire Magic
  2149 | D:4      | Reached skill level 1 in Ice Magic
  2149 | D:4      | Reached skill level 1 in Air Magic
  2149 | D:4      | Reached skill level 1 in Earth Magic
  2149 | D:4      | Reached skill level 1 in Poison Magic
  2463 | D:4      | Noticed a phantom
  2487 | D:4      | Killed a phantom
  2488 | D:4      | Reached XP level 5. HP: 26/54 MP: 7/7
  2691 | D:4      | Noticed a black bear
  2702 | D:4      | Killed a black bear
  2703 | D:4      | Reached XP level 6. HP: 41/61 MP: 8/8
  2816 | D:5      | Entered Level 5 of the Dungeon
  2831 | D:5      | Reached skill level 5 in Throwing
  3718 | D:5      | Found Ziustras's Antique Weapon Shop.
  3744 | D:5      | Reached XP level 7. HP: 36/67 MP: 10/10
  3888 | D:5      | Bought an encrusted dagger for 189 gold pieces
  3888 | D:5      | Identified the +11 dagger "Vem Mih" {vorpal, rElec rC+
                  | Str-5 SInv} (You bought it in a shop on level 5 of the
                  | Dungeon)
  4786 | D:6      | Reached XP level 8. HP: 61/74 MP: 12/12
  4959 | D:6      | Noticed Maggie
  4982 | D:6      | Killed from afar by Maggie

Illustrated notes

Levels and vault maps discovered:
D:1:      denvon_arrival_planthouse, layout_basic
D:2:      layout_loops_ring
D:4:      layout_basic, minmay_tree_intersection, st_stairs_2,
          minmay_fractal_squares_gapless_5
D:5:      layout_rooms, serial_shops, shop_statue, ebering_dispersal_statue_hall
D:6:      old_forge, layout_loops_corners, hellmonk_bongcloud_opening,
          solitary_fountain, uniq_maggie

Skill      XL: |  1  2  3  4  5  6  7 |
---------------+----------------------+-----
Fighting       | | 10.7
Invocations    | 1 2 3 |  3.3
Short Blades   | 1 2 3 |  3.0
Long Blades    | 1 2 3 |  3.0
Axes           | 1 2 3 |  3.0
Maces & Flails | 1 2 3 |  3.0
Staves         | 1 2 3 |  3.0
Slings         | 1 2 3 |  3.0
Bows           | 1 2 3 |  3.0
Armour         | 1 2 3 |  3.0
Stealth        | 1 2 3 |  3.0
Shields        | 1 2 3 |  3.0
Unarmed Combat | 1 2 3 |  3.0
Spellcasting   | 1 2 3 |  3.0
Evocations     | 1 2 3 |  3.0
Conjurations   | 1 2 |  2.4
Hexes          | 1 2 |  2.4
Summonings     | 1 2 |  2.4
Necromancy     | 1 2 |  2.4
Translocations | 1 2 |  2.4
Transmutations | 1 2 |  2.4
Fire Magic     | 1 2 |  2.4
Ice Magic      | 1 2 |  2.4
Air Magic      | 1 2 |  2.4
Earth Magic    | 1 2 |  2.4
Poison Magic   | 1 2 |  2.4
Polearms       | 3 4 |  4.0
Crossbows      | 3 4 |  4.0
Dodging        | 3 4 |  4.0
Throwing       | 5 |  5.5

Action                   |  1- 3 |  4- 6 |  7- 9 || total
-------------------------+-------+-------+-------++-------
Melee: Dagger            |    85 |   138 |    47 ||   270
       Bite              |     2 |    10 |     4 ||    16
       Punch             |     1 |       |       ||     1
Throw: Dart              |       |       |    17 ||    17
  Use: Scroll            |     2 |     8 |     3 ||    13
       Potion            |       |     2 |       ||     2
 Stab: Sleeping          |       |     1 |       ||     1
Armor: Robe              |    10 |     6 |       ||    16
       Ring mail         |       |    27 |       ||    27
       Chain mail        |       |     2 |    14 ||    16
Dodge: Dodged            |    49 |    63 |     7 ||   119
